 Dungeon Crawl Stone Soup version 0.21.0-37-g46506fa (webtiles) character file.

650788 komo4ek the Archmage (level 27, -15/162 HPs)
             Began as a Deep Elf Earth Elementalist on Jan 29, 2018.
             Was the Champion of Vehumet.
             Demolished by an Orb Guardian (36 damage)
             ... on level 5 of the Realm of Zot on Jan 30, 2018.
             The game lasted 07:29:23 (75224 turns).

komo4ek the Archmage (Deep Elf Earth Elementalist) Turns: 75224, Time: 07:29:23

Health: -15/162    AC: 13    Str:  4 (5)  XL:     27
Magic:  4/56       EV: 28    Int: 46 (47) God:    Vehumet [******]
Gold:   4394       SH:  8    Dex: 15      Spells: 8/80 levels left

rFire    + + .     SeeInvis +   F - +4 dagger "Morg" {pain, MR+ Int+5}
rCold    + + .     Gourm    .   a - +0 buckler "Ocaon" {rElec Regen+} (curse)
rNeg     + + .     Faith    .   Q - +1 robe of Ciwif {+Blink rPois Str+3}
rPois    +         Spirit   .   Z - +2 helmet {Int+3}
rElec    +         Reflect  .   E - scarf {rC+ rF+}
rCorr    .         Harm     .   u - +0 pair of gloves of Ockui {rN++ Str-3 Int+3 Slay+2}
MR       +++..                  L - +2 pair of boots {run}
Stlth    +.........             s - amulet "Hugycaso" {RegenMP Int+2}
HPRegen  0.77/turn              G - ring of the Traitor {+Fly rElec rF+ rC+ Stlth-}
MPRegen  0.60/turn              c - ring of see invisible

@: very slow
A: mutation resistance 1, wild magic 1
}: 3/15 runes: decaying, silver, gossamer
a: Renounce Religion, Evoke Blink, Evoke Flight


You were on level 5 of the Realm of Zot.
You worshipped Vehumet.
Vehumet was exalted by your worship.
You were very full.

You visited 11 branches of the dungeon, and saw 51 of its levels.
You visited the Abyss 2 times.
You visited 1 ziggurat, and saw 8 of its levels.
You also visited: Trove.

You collected 8772 gold pieces.
You spent 4378 gold pieces at shops.

Inventory:

Hand Weapons
 F - the +4 dagger "Morg" (weapon) {pain, MR+ Int+5}
   (You found it on level 3 of the Elven Halls)

   In the hands of one skilled in necromantic magic, it inflicts extra damage on
   living creatures.
   It affects your intelligence (+5).
   It affects your resistance to hostile enchantments.
Missiles
 b - 949 stones (quivered)
Armour
 a - the cursed +0 buckler "Ocaon" (worn) {rElec Regen+}
   (You bought it in a shop on level 2 of the Depths)

   It insulates you from electricity.
   It increases your rate of regeneration.
   It has a curse placed upon it.
 u - the +0 pair of gloves of Ockui (worn) {rN++ Str-3 Int+3 Slay+2}
   (You bought it in a shop on level 2 of the Orcish Mines)

   It affects your strength (-3).
   It affects your intelligence (+3).
   It affects your accuracy and damage with ranged weapons and melee attacks
   (+2).
   It greatly protects you from negative energy.
 E - a scarf of resistance (worn)
 L - a +2 pair of boots of running (worn)
 Q - the +1 robe of Ciwif (worn) {+Blink rPois Str+3}
   (You took it off a deep elf annihilator on level 3 of the Elven Halls)

   It affects your strength (+3).
   It protects you from poison.
   It lets you blink.
 Z - a +2 helmet of intelligence (worn)
Magical Staves
 v - an uncursed staff of earth
 W - an uncursed staff of conjuration
Jewellery
 c - a ring of see invisible (right hand)
 o - an uncursed ring of magical power
 s - the amulet "Hugycaso" (around neck) {RegenMP Int+2}
   (You found it in a treasure trove)

   [amulet of magic regeneration]

   It increases your magic regeneration.
   It affects your intelligence (+2).
 x - a +4 ring of intelligence
 z - the ring of Eternal Harmony {Ice Str+4 Int+4 Slay+2}
   (You bought it in a shop on level 1 of the Depths)

   [ring of ice]

   It enhances your ice magic.
   It affects your strength (+4).
   It affects your intelligence (+4).
   It affects your accuracy and damage with ranged weapons and melee attacks
   (+2).
   It makes you vulnerable to fire.
   It protects you from cold.
 G - the ring of the Traitor (left hand) {+Fly rElec rF+ rC+ Stlth-}
   (You took it off a deep elf death mage on level 5 of the Vaults)

   [ring of protection from fire]

   It protects you from fire.
   It protects you from cold.
   It insulates you from electricity.
   It lets you fly.
   It makes you less stealthy.
 H - a +2 ring of dexterity
 O - an uncursed ring of magical power
Wands
 r - a wand of scattershot (6)
Scrolls
 h - a scroll of magic mapping
 i - 3 scrolls of brand weapon
 k - 3 scrolls of enchant weapon
 l - 6 scrolls of blinking
 m - 31 scrolls of remove curse
 n - 14 scrolls of identify
 q - 2 scrolls of fog
 w - 11 scrolls of teleportation
 C - a scroll of holy word
 D - 6 scrolls of enchant armour
 P - 2 scrolls of silence
 R - 4 scrolls of fear
Potions
 g - 2 potions of berserk rage
 p - 5 potions of flight
 t - 11 potions of curing
 A - 3 potions of haste
 B - 5 potions of lignification
 I - 3 potions of brilliance
 N - 9 potions of mutation
 S - 4 potions of ambrosia
 U - 9 potions of might
 X - a potion of invisibility
Books
 J - the Incunabulum of the Old World
   (You found it on level 4 of the Depths)

   Spells                             Type                      Level
   a - Sandblast                      Earth                        1
   b - Passwall                       Transmutation/Earth          2
   c - Leda's Liquefaction            Hexes/Earth                  4
   d - Iron Shot                      Conjuration/Earth            6
 M - a Necronomicon

   Spells                             Type                      Level
   a - Haunt                          Necromancy/Summoning         7
   b - Borgnjor's Revivification      Necromancy                   8
   c - Death's Door                   Charms/Necromancy            8
   d - Infestation                    Necromancy                   8
   e - Necromutation                  Transmutation/Necromancy     8
 T - a book of Death

   Spells                             Type                      Level
   a - Corpse Rot                     Necromancy                   2
   b - Sublimation of Blood           Necromancy                   2
   c - Agony                          Necromancy                   5
   d - Dispel Undead                  Necromancy                   5
   e - Excruciating Wounds            Charms/Necromancy            5
   f - Bolt of Draining               Conjuration/Necromancy       5
 Y - Sif Muna's Compendium of Flying Snow
   (You found it in a treasure trove)

   Spells                             Type                      Level
   a - Shock                          Conjuration/Air              1
   b - Poisonous Vapours              Poison/Air                   2
   c - Static Discharge               Conjuration/Air              3
   d - Summon Lightning Spire         Summoning/Air                4
   e - Lightning Bolt                 Conjuration/Air              5
   f - Ozocubu's Refrigeration        Ice                          6
Miscellaneous
 y - 6 sacks of spiders
 V - a phial of floods (inert)
Comestibles
 d - 56 rations


   Skills:
 + Level 13.8 Fighting
 + Level 13.8 Armour
 + Level 21.5 Dodging
 - Level 2.4 Stealth
 + Level 13.8 Shields
 O Level 27 Spellcasting
 - Level 16.3 Conjurations
 - Level 8.0 Summonings
 - Level 14.0 Necromancy
 - Level 4.0 Translocations
 - Level 14.0 Transmutations
 - Level 6.6 Fire Magic
 - Level 16.0 Ice Magic
 - Level 6.1 Air Magic
 - Level 15.8 Earth Magic


You had 8 spell levels left.
You knew the following spells:

 Your Spells              Type           Power        Failure   Level  Hunger
a - Sandblast             Erth           ######       1%          1    None
b - Passwall              Tmut/Erth      ########..   1%          2    None
c - Olgreb's Toxic Radia  Pois           ######..     1%          4    None
d - Lee's Rapid Deconstr  Erth           ########..   1%          5    None
e - Summon Lightning Spi  Summ/Air       ########     1%          4    None
f - Conjure Flame         Conj/Fire      ########     1%          3    None
g - Iron Shot             Conj/Erth      ########..   1%          6    None
h - Blink                 Tloc           N/A          1%          2    None
i - Dispel Undead         Necr           ########     1%          5    None
j - Ignite Poison         Fire/Tmut/Pois ########     1%          3    None
k - Glaciate              Conj/Ice       ########..   7%          9    None
l - Borgnjor's Vile Clut  Necr/Erth      ########..   1%          5    None
m - Regeneration          Chrm/Necr      ########..   1%          3    None
n - Irradiate             Conj/Tmut      ########..   1%          5    None
o - Haunt                 Necr/Summ      ########..   3%          7    None
p - Necromutation         Tmut/Necr      ########..   7%          8    None


Dungeon Overview and Level Annotations

Branches:
Dungeon (15/15)            Temple (1/1) D:5            Lair (6/6) D:10
  Swamp (4/4) Lair:2       Spider (4/4) Lair:4        Slime (0/5) Lair:6
    Orc (2/2) D:9             Elf (3/3) Orc:2        Vaults (5/5) D:13
  Crypt (1/3) Vaults:2     Depths (5/5) D:15            Zot (5/5) Depths:5

Altars:
Ashenzari
Cheibriados
Dithmenos
Elyvilon
Fedhas
Gozag
Hepliaklqana
Kikubaaqudgha
Makhleb
Nemelex Xobeh
Okawaru
Qazlal
Ru
Sif Muna
Trog
Uskayaw
Vehumet
Wu Jian
Xom
Yredelemnul
Zin
The Shining One
Lugonu

Shops:
D:10 (   D:12 [   Orc:2 *%(:   Elf:1 **(*   Elf:3 **   Vaults:2 =   Vaults:3 (
Vaults:4 ?   Depths:1 =*:   Depths:2 [

Portals:
Hell: Lair:6 Depths:1 Depths:2 Depths:3 Depths:4 Depths:5
Abyss: Depths:4
Pandemonium: Depths:2 Depths:3 Depths:4


Innate Abilities, Weirdness & Mutations

You are somewhat resistant to further mutation.
Your spells are a little harder to cast, but a little more powerful.


Message History

Evoke which item? (* to show all) (? for menu, Esc to quit)
Aim the phial where?
Press: ? - help, Shift-Dir - straight line, f - Orb Guardian
Aim: an Orb Guardian The torrent of water hits the Orb Guardian.
The Orb Guardian is lightly wounded.
The wave splashes down.
Splash!
You fall into the shallow water.
Moving in this stuff is going to be slow.
The water rises up and takes form.
The zombie hands constrict the Orb Guardian! x2
You kill the Orb Guardian!
Vehumet accepts your kill.
You feel your power returning.
You hear a shout!
You hear a roar! x4
The Orb Guardian hits you!!
* * * LOW HITPOINT WARNING * * *
The Orb Guardian escapes!
The Orb Guardian hits you!!!
You die...

..?..?.##....#* **,,,,**,
^.......##*...##########*,,,***,,
.........#**............,,,***,,,
.....^...# *#.............#* *,,,
.........# *.............* *,,,
.......^.# *#...........#* *,,,
......d..# #.E.........# *,,,
..[......# ##...≈≈......## *,,,
........## #...@X≈.X.....# **,,
....y..## *#....X≈..a....## **,
......## #...............# **
####### ########§########▓▓▓▓*
#^# #...# #.###### #...#
###################......###...##
...[......W(...[.................
.############...##^.##...########


You could see 3 Orb Guardians, a friendly water elemental and a friendly soldier
ant.

Vanquished Creatures
  9 orbs of fire (Zot:5)
  6 ancient liches
  Xtahua (Vaults:3)
  2 curse toes
  3 Killer Klowns (Zot:5)
  4 caustic shrikes (Depths:5)
  12 golden dragons
  Arachne (Spider:4)
  4 electric golems
  A hellephant (Zig:6)
  17 tentacled monstrosities
  6 Orb Guardians (Zot:5)
  3 deep elf blademasters
  9 titans
  7 liches
  A deep elf master archer (Elf:3)
  11 quicksilver dragons
  An ancient champion (Zig:2)
  6 death cobs
  6 sphinxes
  16 shadow dragons
  A thorn hunter (Swamp:4)
  Kirke (D:12)
  Donald (Spider:4)
  8 tengu reavers
  15 storm dragons
  17 draconian monks
  7 fire giants
  8 frost giants
  The ghost of Mgcat the Earth Mage, an adept GrEE of Vehumet (D:15)
  9 ghost moths
  3 deep elf sorcerers
  Aizul (Swamp:3)
  2 iron dragons (Vaults:5)
  24 vault wardens
  6 draconian knights
  2 orc warlords (Zig:5)
  2 balrugs (Zig:8)
  An angel (Depths:5)
  6 emperor scorpions
  7 draconian annihilators
  4 deep elf elementalists
  4 draconian shifters
  A curse skull (Zig:2)
  A draconian stormcaller (Zot:3)
  4 draconian scorchers
  3 spriggan defenders
  24 stone giants
  19 ironheart preservers
  A caustic shrike skeleton (Crypt:1)
  5 war gargoyles
  29 very ugly things
  5 entropy weavers
  6 deep elf demonologists
  Nessos (Lair:4)
  9 green draconians
  A lorocyproca (Depths:4)
  11 red draconians
  2 spark wasps
  9 white draconians
  The ghost of
  1994 the Fighter, a journeyman DsGl of Okawaru (Lair:6)
  A vampire knight (Depths:2)
  2 dire elephants
  11 purple draconians
  3 deep elf annihilators (Elf:3)
  8 black draconians
  5 yellow draconians
  A merfolk javelineer (Depths:2)
  18 ettins
  Snorg (D:12)
  An eidolon (Abyss:2)
  7 deep elf death magi
  A blizzard demon (Zig:8)
  A merfolk impaler (Depths:2)
  21 yaktaur captains
  11 fire dragons
  11 ogre magi
  5 deep elf high priests
  The ghost of Amaterasu the Cleaver, a journeyman FoFi of Okawaru (D:10)
  4 jiangshi (Crypt:1)
  2 spriggan air magi
  11 ice dragons
  10 great orbs of eyes
  41 vault guards
  31 hydras
  15 rakshasas
  3 ghost crabs
  A hell beast (Depths:2)
  A monstrous demonspawn (Depths:2)
  10 centaur warriors
  6 death knights
  9 deep troll shamans
  36 two-headed ogres
  A vampire mage (Crypt:1)
  10 alligators
  A death yak (shapeshifter) (Vaults:5)
  6 deep troll earth magi
  3 death yaks (D:10)
  8 tengu warriors
  11 spriggan berserkers
  3 hell hogs (Depths:5)
  22 dancing weapons
  4 orc high priests (Orc:2)
  Urug (Lair:3)
  A soul eater (Depths:4)
  A sun demon (Lair:6)
  A shock serpent (shapeshifter) (Vaults:4)
  16 deep elf knights
  10 spriggans
  4 hell knights (Depths:1)
  A spatial maelstrom (Abyss:5)
  2 iron trolls
  2 fire crabs (Swamp:4)
  A fire crab (shapeshifter) (Vaults:4)
  3 glowing orange brains
  4 skeletal warriors
  5 unseen horrors
  An unseen horror (shapeshifter) (Vaults:5)
  A shadow wraith (Vaults:3)
  A gelid demonspawn (Depths:4)
  15 deep trolls
  3 spriggan druids
  8 wizards
  A salamander mystic (Depths:5)
  8 flayed ghosts
  10 swamp dragons
  3 shambling mangroves
  A death drake (Depths:5)
  18 deep elf archers
  2 lindwurms
  8 phantasmal warriors
  An obsidian statue (Zig:6)
  A harpy (shapeshifter) (Depths:1)
  An infernal demonspawn (Depths:3)
  11 ironbrand convokers
  10 orc knights
  4 necromancers
  A wolf spider zombie (D:15)
  4 orc sorcerers
  19 orb spiders
  3 harpies (Elf:2)
  21 wolf spiders
  53 deep elf magi
  39 ugly things
  A shining eye (shapeshifter) (D:15)
  A large abomination (Abyss:2)
  3 oklob plants (Lair:5)
  2 salamanders (Depths:5)
  12 cyclopes
  A manticore (shapeshifter) (Vaults:3)
  7 manticores
  An elephant (Zig:6)
  31 moths of wrath
  A salamander (shapeshifter) (Vaults:1)
  2 moths of wrath (shapeshifter)
  Maurice (Orc:1)
  A worldbinder (Abyss:2)
  A rust devil (Zig:8)
  Joseph (D:9)
  6 black mambas
  3 orange demons
  An elephant (shapeshifter) (Vaults:5)
  A molten gargoyle (Swamp:4)
  A black mamba (shapeshifter) (D:11)
  10 vault sentinels
  3 smoke demons
  A storm dragon simulacrum (Vaults:4)
  16 spiny frogs
  A gargoyle (D:11)
  A water nymph (shapeshifter) (Depths:2)
  A spiny frog (shapeshifter) (Vaults:1)
  2 centaur skeletons
  5 torpor snails
  11 freezing wraiths
  11 rime drakes
  5 kobold demonologists
  A hellion (Depths:3)
  A tormentor (Zig:8)
  5 ice devils
  7 komodo dragons
  72 yaktaurs
  2 hellwings (Depths:3)
  9 demonic crawlers
  A yaktaur skeleton (Vaults:4)
  2 sphinx simulacra
  An ancient zyme (Abyss:2)
  A merfolk (shapeshifter) (Depths:2)
  A red devil (Depths:2)
  A meliai (shapeshifter) (Vaults:2)
  A polar bear (Lair:3)
  A queen bee (Spider:2)
  9 meliai
  23 blink frogs
  5 wind drakes (Depths:5)
  13 trolls
  3 tengu conjurers (Depths:3)
  10 tyrant leeches
  27 jumping spiders
  A jumping spider (shapeshifter) (Vaults:5)
  25 hornets
  4 bog bodies
  2 raiju (shapeshifter)
  4 dream sheep (Lair:6)
  A hippogriff (shapeshifter) (Depths:2)
  7 hippogriffs
  26 slime creatures
  A human simulacrum (Vaults:1)
  2 air elementals (Elf:3)
  35 tarantellas
  16 water elementals
  6 wyverns
  77 redbacks
  4 shadows
  5 wraiths
  3 small abominations (Abyss:2)
  Sigmund (D:5)
  A ynoxinul (Depths:2)
  2 basilisks
  5 fire elementals
  33 yaks
  A neqoxec (Abyss:2)
  3 steam dragons (Swamp:4)
  A yaktaur simulacrum (Vaults:3)
  2 golden eyes (shapeshifter)
  A chaos spawn (Abyss:5)
  3 hungry ghosts
  4 hogs
  A steam dragon (shapeshifter) (Depths:2)
  14 vampire mosquitoes
  A merfolk zombie (Crypt:1)
  A spatial vortex (Abyss:5)
  4 acid dragons
  7 wargs
  8 hell hounds
  5 insubstantial wisps (Swamp:1)
  21 swamp worms
  10 porcupines
  12 water moccasins
  A floating eye (Depths:3)
  4 ice beasts
  42 orc warriors
  18 swamp drakes
  A sky beast (shapeshifter) (Elf:2)
  3 sky beasts
  2 black bears
  28 ogres
  2 eyes of draining
  An ice dragon simulacrum (Vaults:1)
  6 necrophages (Lair:3)
  22 wolves
  An ogre (shapeshifter) (D:11)
  16 boggarts
  8 centaurs
  An orc skeleton (Vaults:1)
  9 crocodiles
  4 big kobolds (D:12)
  A big kobold (shapeshifter) (Vaults:3)
  2 gnoll sergeants
  2 wyvern zombies (D:12)
  14 bullfrogs
  4 earth elementals
  A water moccasin skeleton (D:6)
  7 scorpions
  22 killer bees
  8 howler monkeys
  7 wights
  4 jellies
  6 electric eels
  4 centaur zombies
  9 hounds
  5 quasits
  A wyvern simulacrum (D:11)
  9 crimson imps
  35 orc priests
  A hound (shapeshifter) (D:13)
  2 iron imps
  24 orc wizards
  Terence (D:1)
  5 worker ants
  7 iguanas
  A hell rat (D:10)
  A statue (D:9)
  2 hound zombies
  2 hound skeletons
  Robin (D:3)
  4 worker ant zombies
  12 adders
  16 gnolls
  A river rat (D:10)
  8 shadow imps
  2 ufetubi (Depths:2)
  4 oozes
  An adder skeleton (D:5)
  5 worms (D:3)
  A dart slug (D:1)
  2 leopard geckos
  92 orcs
  9 giant cockroaches
  19 goblins
  12 hobgoblins
  13 jackals
  5 quokkas
  5 bats
  6 frilled lizards
  23 kobolds
  A quokka skeleton (D:5)
  5 rats
  2 blocks of ice
  3 crawling corpses (Elf:3)
  3 fungi
  9 pillars of salt (Vaults:2)
  4 plants
2371 creatures vanquished.

Vanquished Creatures (collateral kills)
  2 vault guards (Vaults:5)
2 creatures vanquished.

Vanquished Creatures (others)
  A hydra (Swamp:4)
  2 swamp dragons (Swamp:4)
  2 moths of wrath
  A human (D:12)
  A vampire mosquito (Swamp:4)
  3 swamp drakes (Swamp:4)
  14 blocks of ice
  A bush (Depths:5)
  5 fungi
  5 plants
  2 starspawn tentacles (Abyss:2)
  5 toadstools (D:1)
42 creatures vanquished.

Grand Total: 2415 creatures vanquished

Notes
Turn   | Place    | Note
-------+----------+-------------------------------------------
     0 | D:1      | komo4ek the Deep Elf Earth Elementalist began the quest for the Orb.
     0 | D:1      | Reached XP level 1. HP: 10/10 MP: 6/6
    59 | D:1      | Reached XP level 2. HP: 5/15 MP: 1/8
   783 | D:1      | Learned a level 2 spell: Passwall
  1255 | D:1      | Reached XP level 3. HP: 16/19 MP: 7/9
  1339 | D:2      | Noticed a dagger
  1340 | D:2      | Noticed a dagger
  1343 | D:2      | Found a hide-covered altar of Uskayaw.
  1460 | D:2      | Noticed Terence
  1525 | D:1      | Killed Terence
  1525 | D:1      | Reached skill level 5 in Earth Magic
  1627 | D:2      | Reached XP level 4. HP: 18/24 MP: 8/10
  1700 | D:2      | Found a glowing golden altar of the Shining One.
  1930 | D:2      | Found a white marble altar of Elyvilon.
  2247 | D:2      | Reached XP level 5. HP: 28/28 MP: 9/11
  2370 | D:3      | Learned a level 3 spell: Stone Arrow
  2404 | D:3      | Found a faded altar of an unknown god.
  2429 | D:3      | Found a bloodstained altar of Trog.
  2497 | D:3      | Found a bloodstained altar of Trog.
  2499 | D:3      | Found a blossoming altar of Fedhas.
  3056 | D:3      | Noticed Robin
  3059 | D:3      | Killed Robin
  3236 | D:3      | Found a sacrificial altar of Ru.
  3270 | D:3      | Reached XP level 6. HP: 32/32 MP: 7/12
  3557 | D:3      | Found a deep blue altar of Sif Muna.
  3559 | D:3      | Found a shadowy altar of Dithmenos.
  3661 | D:4      | Reached skill level 1 in Conjurations
  3834 | D:4      | Reached skill level 4 in Spellcasting
  3834 | D:4      | Reached XP level 7. HP: 36/36 MP: 11/15
  3845 | D:4      | Learned a level 5 spell: Lee's Rapid Deconstruction
  4089 | D:4      | Reached skill level 5 in Spellcasting
  4258 | D:5      | Entered Level 5 of the Dungeon
  4396 | D:5      | Found a staircase to the Ecumenical Temple.
  4402 | Temple   | Entered the Ecumenical Temple
  4687 | D:5      | Reached skill level 6 in Spellcasting
  4865 | D:5      | Noticed Sigmund
  4867 | D:5      | Killed Sigmund
  4867 | D:5      | Reached XP level 8. HP: 41/41 MP: 12/20
  5096 | D:5      | Reached skill level 5 in Conjurations
  5414 | D:6      | Reached skill level 7 in Spellcasting
  5630 | D:6      | Learned a level 4 spell: Petrify
  5762 | D:6      | Reached skill level 8 in Spellcasting
  6540 | D:6      | Reached skill level 1 in Fighting
  6829 | D:7      | Reached XP level 9. HP: 48/48 MP: 16/23
  6885 | D:7      | Reached skill level 9 in Spellcasting
  7141 | D:7      | Noticed a two-headed ogre
  7185 | D:7      | HP: 2/48 [two-headed ogre/giant club (27)]
  7189 | D:7      | Found a hazy altar of Hepliaklqana.
  7686 | D:7      | Noticed a two-headed ogre
  7697 | D:7      | Killed a two-headed ogre
  7697 | D:7      | Reached skill level 5 in Dodging
  7858 | D:7      | Reached skill level 10 in Spellcasting
  7916 | D:7      | Found a burning altar of Makhleb.
  8076 | D:7      | Found a shattered altar of Ashenzari.
  8658 | D:8      | Reached skill level 1 in Armour
  8786 | D:8      | Reached skill level 1 in Shields
  8905 | D:8      | Reached XP level 10. HP: 56/56 MP: 21/26
  9260 | D:9      | Noticed a two-headed ogre
  9268 | D:9      | Killed a two-headed ogre
  9357 | D:9      | Noticed a manticore
  9367 | D:9      | Killed a manticore
  9585 | D:9      | Learned a level 3 spell: Conjure Flame
  9589 | D:9      | Learned a level 3 spell: Mephitic Cloud
  9770 | D:9      | Found a radiant altar of Vehumet.
  9772 | D:9      | Got a heavily runed scale mail
  9782 | D:9      | Became a worshipper of Vehumet
  9790 | D:9      | Learned a level 2 spell: Blink
  9884 | D:9      | Found a staircase to the Orcish Mines.
  9911 | D:9      | Killed a two-headed ogre
  9911 | D:9      | Reached skill level 11 in Spellcasting
 10121 | D:9      | Noticed Joseph
 10136 | D:9      | Killed Joseph
 10367 | D:10     | Entered Level 10 of the Dungeon
 10369 | D:10     | Noticed Amaterasu's ghost (journeyman FoFi)
 10375 | D:10     | Killed Amaterasu's ghost
 10441 | D:10     | Noticed a death yak
 10460 | D:10     | Noticed a death yak
 10460 | D:10     | Killed a death yak
 10460 | D:10     | Reached XP level 11. HP: 19/62 MP: 17/28
 10461 | D:10     | Noticed a death yak
 10764 | D:10     | Found Rep Were's Weapon Shop.
 11075 | D:10     | Reached * piety under Vehumet
 11075 | D:10     | Offered knowledge of Shock by Vehumet.
 11187 | D:10     | Reached skill level 5 in Fighting
 11193 | D:10     | Found a staircase to the Lair.
 11345 | D:10     | Killed a death yak
 11352 | D:10     | Killed a death yak
 11948 | D:11     | Identified the +5 scale mail of Unambiguity {rPois MR+ Str-5 Int+8} (You found it on level 9 of the Dungeon)
 11948 | D:11     | Lost strength.
 12112 | D:11     | Offered knowledge of Flame Tongue by Vehumet.
 12162 | D:11     | Reached ** piety under Vehumet
 12370 | D:11     | Reached skill level 12 in Spellcasting
 12537 | D:11     | Noticed a cyan ugly thing
 12544 | D:11     | Killed a cyan ugly thing
 12550 | D:11     | Noticed a deep elf mage
 12710 | D:11     | Noticed a flayed ghost
 12716 | D:11     | Killed a flayed ghost
 12798 | D:11     | Noticed a sphinx
 12821 | D:11     | Noticed a flayed ghost
 12828 | D:11     | Killed a flayed ghost
 12828 | D:11     | Reached skill level 10 in Earth Magic
 12851 | D:11     | Killed a sphinx
 12851 | D:11     | Reached XP level 12. HP: 60/68 MP: 5/30
 12988 | D:11     | Learned a level 6 spell: Bolt of Cold
 13092 | D:12     | Reached skill level 1 in Ice Magic
 13095 | D:12     | Offered knowledge of Ignite Poison by Vehumet.
 13126 | D:12     | Noticed Kirke
 13268 | D:12     | Noticed a two-headed ogre
 13277 | D:12     | Killed a two-headed ogre
 13347 | D:12     | Learned a level 3 spell: Ignite Poison
 13368 | D:12     | Reached *** piety under Vehumet
 13457 | D:12     | Killed Kirke
 13638 | D:12     | Found Yfuenkat's Antique Armour Boutique.
 13643 | D:12     | Bought a dull robe for 188 gold pieces
 13653 | D:12     | Identified the +0 robe "Buxodwao" {rElec SInv} (You bought it in a shop on level 12 of the Dungeon)
 13685 | D:12     | Offered knowledge of Inner Flame by Vehumet.
 13789 | D:12     | Noticed Snorg
 13800 | D:12     | Reached skill level 5 in Armour
 13806 | D:12     | Killed Snorg
 13806 | D:12     | Reached skill level 5 in Shields
 14555 | Lair:1   | Entered Level 1 of the Lair of Beasts
 14605 | Lair:1   | Reached XP level 13. HP: 74/74 MP: 14/31
 14800 | Lair:1   | Reached **** piety under Vehumet
 15731 | Lair:2   | Reached skill level 10 in Conjurations
 15753 | Lair:2   | Reached skill level 10 in Dodging
 15753 | Lair:2   | Reached skill level 5 in Ice Magic
 16044 | Lair:2   | Found a staircase to the Swamp.
 16494 | Lair:2   | Identified a scroll of acquirement
 16961 | Lair:3   | Noticed Urug
 16963 | Lair:3   | Offered knowledge of Airstrike by Vehumet.
 17111 | Lair:3   | Reached skill level 13 in Spellcasting
 17473 | Lair:3   | Killed Urug
 18409 | Lair:4   | Learned a level 4 spell: Airstrike
 18520 | Lair:4   | Found a hole to the Spider Nest.
 18524 | Lair:4   | Reached ***** piety under Vehumet
 18524 | Lair:4   | Offered knowledge of Sticky Flame by Vehumet.
 18524 | Lair:4   | Reached skill level 1 in Air Magic
 18779 | Lair:4   | Noticed Nessos
 18784 | Lair:4   | Killed Nessos
 19149 | Lair:5   | Reached skill level 14 in Spellcasting
 19482 | Lair:5   | Reached XP level 14. HP: 43/80 MP: 2/34
 19614 | Lair:5   | Learned a level 5 spell: Borgnjor's Vile Clutch
 20072 | Lair:5   | Found the +8 frozen axe "Frostbite" {freezing cloud, *Noise +Fly rC+}
 20121 | Lair:5   | Got a transparent shield
 20134 | Lair:5   | Identified the +2 shield "Forget-Me-Not" {rElec rPois rF+ MR-} (You found it on level 5 of the Lair of Beasts)
 20306 | Lair:6   | Entered Level 6 of the Lair of Beasts
 20370 | Lair:6   | Noticed 1994's ghost (journeyman DsGl)
 20393 | Lair:6   | Reached skill level 1 in Translocations
 20430 | Lair:6   | Found a staircase to the Slime Pits.
 21149 | Lair:6   | Found a hazy altar of Hepliaklqana.
 21195 | Lair:6   | Reached skill level 5 in Air Magic
 21416 | Lair:6   | Reached skill level 15 in Spellcasting
 21646 | Lair:6   | Paralysed by a wizard for 6 turns
 21749 | Lair:6   | Found a burning altar of Makhleb.
 21759 | Lair:6   | Reached skill level 10 in Ice Magic
 21837 | Lair:6   | Found a gateway to Hell.
 22035 | Lair:6   | Killed 1994's ghost
 22381 | Orc:1    | Entered Level 1 of the Orcish Mines
 22400 | Orc:1    | Noticed Maurice
 22406 | Orc:1    | Killed Maurice
 22556 | Orc:1    | You fall through a shaft!
 22556 | Orc:2    | Entered Level 2 of the Orcish Mines
 22558 | Orc:2    | Found a radiant altar of Vehumet.
 22646 | Orc:2    | Offered knowledge of Bolt of Magma by Vehumet.
 23286 | Orc:2    | Learned a level 3 spell: Vampiric Draining
 23291 | Orc:2    | Learned a level 3 spell: Regeneration
 23389 | Orc:2    | Found a staircase to the Elven Halls.
 23403 | Orc:2    | Reached skill level 16 in Spellcasting
 23600 | Orc:2    | Found Qyentis's Antique Weapon Emporium.
 23600 | Orc:2    | Found Touboxur's Book Emporium.
 23603 | Orc:2    | Found Wynaez's Assorted Antiques.
 23603 | Orc:2    | Found Oxikliuk's Food Shoppe.
 23724 | Orc:2    | Bought a Young Poisoner's Handbook for 640 gold pieces
 23731 | Orc:2    | Learned a level 4 spell: Olgreb's Toxic Radiance
 23738 | Orc:2    | Bought a pair of faintly glowing gloves for 294 gold pieces
 23748 | Orc:2    | Identified the cursed +0 pair of gloves of Ockui {rN++ Str-3 Int+3 Slay+2} (You bought it in a shop on level 2 of the Orcish Mines)
 24703 | D:13     | Reached XP level 15. HP: 84/84 MP: 18/37
 24721 | D:13     | Reached skill level 17 in Spellcasting
 24930 | D:13     | Found a gate to the Vaults.
 25154 | D:13     | Offered knowledge of Iron Shot by Vehumet.
 25259 | D:13     | Reached skill level 18 in Spellcasting
 25513 | D:13     | Learned a level 6 spell: Iron Shot
 25849 | D:14     | Got a smoking bronze ring
 26171 | D:14     | Found an ancient bone altar of Kikubaaqudgha.
 26403 | D:14     | You fall through a shaft!
 26403 | D:15     | Entered Level 15 of the Dungeon
 26463 | D:15     | Found a staircase to the Depths.
 26463 | D:15     | Noticed a fire giant
 26470 | D:15     | Killed a fire giant
 26500 | D:15     | Identified the ring "Jositz" {rElec rN+ Stlth+} (You found it on level 14 of the Dungeon)
 26571 | D:15     | Noticed Mgcat's ghost (adept GrEE)
 26575 | D:15     | Reached skill level 1 in Necromancy
 26779 | D:15     | Found a portal to a secret trove of treasure.
 28023 | D:15     | Killed Mgcat's ghost
 28473 | Swamp:1  | Entered Level 1 of the Swamp
 28722 | Swamp:1  | Reached skill level 5 in Necromancy
 28816 | Swamp:1  | Reached ****** piety under Vehumet
 29030 | Swamp:1  | Reached XP level 16. HP: 88/88 MP: 28/40
 29048 | Swamp:1  | Offered knowledge of Conjure Ball Lightning by Vehumet.
 30822 | Swamp:3  | Noticed Aizul
 30836 | Swamp:3  | Killed Aizul
 31763 | Swamp:4  | Entered Level 4 of the Swamp
 31829 | Swamp:4  | Noticed a thorn hunter
 31834 | Swamp:4  | Killed a thorn hunter
 31894 | Swamp:4  | Offered knowledge of Poison Arrow by Vehumet.
 32409 | Swamp:4  | Reached skill level 15 in Earth Magic
 32760 | Swamp:4  | Got a decaying rune of Zot
 32834 | Swamp:4  | Reached skill level 15 in Dodging
 33633 | Orc:2    | Bought a book of the Tempests for 1120 gold pieces
 33667 | Elf:1    | Entered Level 1 of the Elven Halls
 33696 | Elf:1    | Reached XP level 17. HP: 93/93 MP: 29/41
 33719 | Elf:1    | Found Yvvocz Faef's General Store.
 33727 | Elf:1    | Bought a scroll of enchant armour for 112 gold pieces
 33727 | Elf:1    | Bought a scroll of identify for 30 gold pieces
 33727 | Elf:1    | Bought a potion of magic for 120 gold pieces
 33727 | Elf:1    | Bought 2 potions of curing for 90 gold pieces
 33884 | Elf:1    | Reached skill level 1 in Fire Magic
 34057 | Elf:1    | Found Ybrutzus's General Store.
 34065 | Elf:1    | Bought a scroll of teleportation for 48 gold pieces
 34336 | Elf:1    | Found Wiabumos's Assorted Antiques.
 34447 | Elf:1    | Found Wimor's Weapon Emporium.
 34512 | Elf:1    | Learned a level 5 spell: Irradiate
 34697 | Elf:1    | Identified the Almanac of Supportive Arcane Weapons
 35074 | Elf:2    | Offered knowledge of Spellforged Servitor by Vehumet.
 35617 | Elf:2    | Found a huge runed gate.
 35617 | Elf:2    | Found a huge runed gate.
 35617 | Elf:2    | Found a huge runed gate.
 35617 | Elf:2    | Found a huge runed gate.
 35617 | Elf:2    | Found a huge runed gate.
 36008 | Elf:2    | Noticed a deep elf blademaster
 36012 | Elf:2    | Killed a deep elf blademaster
 36031 | Elf:2    | Reached skill level 5 in Fire Magic
 36644 | Elf:3    | Entered Level 3 of the Elven Halls
 36653 | Elf:3    | Found Wisypocre's General Store.
 36656 | Elf:3    | Bought a scroll of identify for 40 gold pieces
 36656 | Elf:3    | Bought a scroll of magic mapping for 70 gold pieces
 36680 | Elf:3    | Found Xyru Kikh's General Store.
 37008 | Elf:3    | Reached XP level 18. HP: 101/101 MP: 24/42
 37279 | Elf:3    | Reached skill level 19 in Spellcasting
 37380 | Elf:3    | Found an ancient bone altar of Kikubaaqudgha.
 37617 | Elf:3    | Cast into level 2 of the Abyss (a deep elf demonologist)
 37826 | Abyss:2  | Found an ornate altar of the Wu Jian Council.
 38023 | Abyss:2  | Noticed an ancient lich
 38040 | Abyss:2  | Found a corrupted altar of Lugonu.
 38047 | Elf:3    | Escaped the Abyss
 38403 | Elf:3    | Reached skill level 20 in Spellcasting
 38478 | Elf:3    | Got a crude halberd {pain}
 38478 | Elf:3    | Got a twisted robe
 38485 | Elf:3    | Identified the Handbook of Pantheism
 38513 | Elf:3    | Identified the cursed +1 robe of Ciwif {+Blink rPois Str+3} (You took it off a deep elf annihilator on level 3 of the Elven Halls)
 38521 | Elf:3    | Identified the +1 halberd of Nightmares {pain, Str-2 Dex+3 Stlth+} (You took it off a deep elf annihilator on level 3 of the Elven Halls)
 38653 | Elf:3    | Found the +4 dagger "Morg" {pain, MR+ Int+5}
 38676 | Elf:3    | Got a faintly glowing falchion
 38697 | Elf:3    | Identified the +8 falchion of the Enchanted Forest {elec, rElec rF+} (You found it on level 3 of the Elven Halls)
 39239 | Vaults:1 | Entered Level 1 of the Vaults
 39307 | Vaults:1 | Offered knowledge of Orb of Destruction by Vehumet.
 40386 | Vaults:1 | Learned a level 7 spell: Orb of Destruction
 41130 | Vaults:1 | Paralysed by a great orb of eyes for 2 turns
 41419 | Vaults:1 | Reached skill level 5 in Transmutations
 42095 | Vaults:2 | Reached XP level 19. HP: 107/107 MP: 30/45
 42099 | Vaults:2 | Offered knowledge of Lehudib's Crystal Spear by Vehumet.
 42099 | Vaults:2 | Offered knowledge of Glaciate by Vehumet.
 42099 | Vaults:2 | Offered knowledge of Chain Lightning by Vehumet.
 42201 | Vaults:2 | Found Veweg's Jewellery Shop.
 42500 | Vaults:2 | Found a shattered altar of Ashenzari.
 42701 | Vaults:2 | Reached skill level 21 in Spellcasting
 43794 | Vaults:2 | Found a staircase to the Crypt.
 44196 | Vaults:3 | Found Vestriomm's Weapon Shop.
 44263 | Vaults:3 | Noticed Xtahua
 44287 | Vaults:3 | Killed Xtahua
 45018 | Vaults:3 | Got a crude ring mail
 45078 | Vaults:3 | Reached XP level 20. HP: 100/110 MP: 39/47
 45412 | Vaults:4 | Found Mugriuce's Magic Scroll Emporium.
 45415 | Vaults:4 | Bought a scroll of magic mapping for 63 gold pieces
 45415 | Vaults:4 | Bought a scroll of immolation for 63 gold pieces
 45415 | Vaults:4 | Bought a scroll of identify for 36 gold pieces
 45415 | Vaults:4 | Identified the +2 ring mail "Jysi" {+Fly rElec rN+++ MR-} (You found it on level 3 of the Vaults)
 47160 | Vaults:5 | Entered Level 5 of the Vaults
 47784 | Vaults:5 | Noticed a golden dragon
 47866 | Vaults:5 | Reached skill level 22 in Spellcasting
 47894 | Vaults:5 | Reached XP level 21. HP: 82/121 MP: 20/49
 48198 | Vaults:5 | Learned a level 8 spell: Lehudib's Crystal Spear
 48199 | Vaults:5 | Reached skill level 10 in Shields
 48374 | Vaults:5 | Reached skill level 10 in Armour
 48384 | Vaults:5 | Reached skill level 10 in Fighting
 48473 | Vaults:5 | Reached skill level 10 in Transmutations
 49044 | Vaults:5 | Noticed a golden dragon
 49048 | Vaults:5 | Killed a golden dragon
 49186 | Vaults:5 | Killed a golden dragon
 49186 | Vaults:5 | Reached skill level 10 in Necromancy
 49632 | Vaults:5 | Noticed an ancient lich
 49635 | Vaults:5 | Killed an ancient lich
 49737 | Vaults:5 | Got a silver rune of Zot
 49761 | Vaults:5 | Identified a +0 pair of boots of running (You found it on level 5 of the Vaults)
 49814 | Vaults:5 | Reached XP level 22. HP: 102/127 MP: 42/50
 49896 | Vaults:5 | HP: 5/127 [vault warden/stone (24)]
 50431 | Vaults:5 | Reached skill level 23 in Spellcasting
 50695 | Vaults:5 | Got a wavering platinum amulet
 51379 | Vaults:5 | Identified the Catalogue of the Oath
 51510 | Vaults:5 | Noticed a golden dragon
 51513 | Vaults:5 | Killed a golden dragon
 51849 | Vaults:5 | Got a sparkling granite ring
 52003 | Vaults:5 | Identified the amulet of Devotion {Faith Str+5} (You took it off a vault warden on level 5 of the Vaults)
 52005 | Vaults:5 | Identified the ring of the Traitor {+Fly rElec rF+ rC+ Stlth-} (You took it off a deep elf death mage on level 5 of the Vaults)
 52327 | Spider:1 | Entered Level 1 of the Spider Nest
 52886 | Lair:4   | Upgraded the game from 0.21.0-34-g9234887 to 0.21.0-37-g46506fa
 54189 | Spider:4 | Entered Level 4 of the Spider Nest
 54569 | Spider:4 | Noticed Donald
 54574 | Spider:4 | Killed Donald
 54848 | Spider:4 | Noticed Arachne
 54852 | Spider:4 | Killed Arachne
 55705 | Spider:4 | Reached XP level 23. HP: 132/132 MP: 19/52
 55786 | Spider:4 | Got a gossamer rune of Zot
 56143 | Crypt:1  | Entered Level 1 of the Crypt
 56579 | Depths:1 | Entered Level 1 of the Depths
 56587 | Depths:1 | Reached skill level 24 in Spellcasting
 56590 | Depths:1 | Found Plog's Book Shoppe.
 57222 | Depths:1 | Reached skill level 15 in Conjurations
 57325 | Depths:1 | Found Quol's General Store.
 57325 | Depths:1 | Found Ibottumunt's Jewellery Emporium.
 57355 | Depths:1 | Bought the ring of Eternal Harmony {Ice Str+4 Int+4 Slay+2} for 915 gold pieces
 57361 | Depths:1 | Bought a scroll of fear for 70 gold pieces
 57361 | Depths:1 | Bought a scroll of magic mapping for 70 gold pieces
 57598 | Depths:1 | Identified the +9 spear of Valuable Assets {flame, rC+ MP+9 Int+3} (You took it off a tengu warrior on level 1 of the Depths)
 59323 | Depths:2 | Found a one-way gate leading to the halls of Pandemonium.
 60864 | Depths:2 | Reached XP level 24. HP: 100/139 MP: 35/53
 61223 | Depths:2 | Learned a level 8 spell: Necromutation
 61240 | Depths:2 | Found Plog's Antique Armour Shop.
 61249 | Depths:2 | Bought a faintly humming buckler for 256 gold pieces
 61249 | Depths:2 | Bought a brightly glowing robe for 153 gold pieces
 61252 | Depths:2 | Identified the cursed +0 buckler "Ocaon" {rElec Regen+} (You bought it in a shop on level 2 of the Depths)
 61253 | Depths:2 | Identified the +2 robe "Otrabadd" {rF+} (You bought it in a shop on level 2 of the Depths)
 62497 | Depths:3 | Identified the +9 quarterstaff of Makhleb's Pride {flame, +Inv rPois} (You took it off a tengu reaver on level 3 of the Depths)
 63441 | Depths:4 | Reached skill level 25 in Spellcasting
 64037 | Lair:4   | Learned a level 8 spell: Ignition
 64320 | Depths:3 | Gained mutation: You are frail. (-10% HP) [mutagenic glow]
 64347 | Depths:3 | Gained mutation: Your spells are a little harder to cast, but a little more powerful. [mutagenic glow]
 64972 | Depths:4 | Found a corrupted altar of Lugonu.
 64973 | Depths:4 | Found a one-way gate to the infinite horrors of the Abyss.
 65120 | Depths:4 | Identified Wohah's Disquisition on Moulding and Enchantment
 65122 | Depths:4 | Identified the Incunabulum of the Old World
 65177 | Depths:5 | Entered Level 5 of the Depths
 65736 | Depths:5 | Found a gateway to a ziggurat.
 65863 | Depths:5 | Reached XP level 25. HP: 105/130 MP: 38/54
 66575 | Depths:5 | Found a gate to the Realm of Zot.
 66620 | Depths:5 | Reached skill level 26 in Spellcasting
 67164 | Depths:5 | Learned a level 9 spell: Glaciate
 67215 | Zig:1    | Entered Level 1 of a ziggurat
 67234 | Zig:2    | Entered Level 2 of a ziggurat
 67332 | Zig:3    | Entered Level 3 of a ziggurat
 67358 | Zig:4    | Entered Level 4 of a ziggurat
 67377 | Zig:4    | Got a brightly glowing pewter ring
 67383 | Zig:4    | Identified the ring "Itepteme" {*Slow Dex+6 SInv Stlth+} (You found it on level 4 of a ziggurat)
 67392 | Zig:5    | Entered Level 5 of a ziggurat
 67406 | Zig:5    | Reached skill level 15 in Ice Magic
 67427 | Zig:6    | Entered Level 6 of a ziggurat
 67446 | Zig:6    | Found the +11 plutonium sword {*Contam Stlth-}
 67521 | Zig:7    | Entered Level 7 of a ziggurat
 67662 | Zig:7    | Got a bound iron ring
 67669 | Zig:7    | Identified the ring of Past Mistakes {rElec rPois} (You found it on level 7 of a ziggurat)
 67673 | Zig:8    | Entered Level 8 of a ziggurat
 67682 | Zig:8    | Noticed Hysodaxa the pandemonium lord
 67951 | Zot:1    | Entered Level 1 of the Realm of Zot
 68268 | Zot:1    | Learned a level 7 spell: Haunt
 68388 | Zot:1    | Reached skill level 1 in Summonings
 69703 | D:15     | You paid a toll of 2 scrolls of acquirement to enter a treasure trove
 69704 | Trove    | Entered a treasure trove
 69736 | Trove    | Got a twitching jade amulet
 69789 | Trove    | Identified Sif Muna's Compendium of Flying Snow
 69796 | Trove    | Identified the amulet "Hugycaso" {RegenMP Int+2} (You found it in a treasure trove)
 69816 | Trove    | Learned a level 4 spell: Summon Lightning Spire
 69823 | Trove    | Learned a level 5 spell: Dispel Undead
 70066 | Zot:2    | Reached XP level 26. HP: 135/135 MP: 24/55
 71136 | Zot:3    | Reached skill level 5 in Summonings
 72050 | Zot:4    | Reached skill level 27 in Spellcasting
 73631 | Zot:5    | Entered Level 5 of the Realm of Zot
 73724 | Zot:5    | Noticed an orb of fire
 73725 | Zot:5    | Gained mutation: Your body sometimes deteriorates upon taking damage. [an orb of fire]
 73729 | Zot:5    | Killed an orb of fire
 74239 | Zot:5    | Noticed an orb of fire
 74244 | Zot:5    | Reached XP level 27. HP: 114/143 MP: 37/56
 74245 | Zot:5    | Killed an orb of fire
 74348 | Zot:5    | Noticed an ancient lich
 74357 | Zot:5    | Killed an ancient lich
 74403 | Zot:5    | Noticed an ancient lich
 74403 | Zot:5    | Noticed an orb of fire
 74404 | Zot:5    | Noticed an orb of fire
 74407 | Zot:5    | Killed an ancient lich
 74408 | Zot:5    | Killed an orb of fire
 74409 | Zot:5    | Noticed an orb of fire
 74411 | Zot:5    | Noticed an orb of fire
 74412 | Zot:5    | Killed an orb of fire
 74415 | Zot:5    | Killed an orb of fire
 74417 | Zot:5    | Killed an orb of fire
 74428 | Zot:5    | Noticed an orb of fire
 74436 | Zot:5    | Noticed an ancient lich
 74438 | Zot:5    | Gained mutation: You are dopey. (Int -2) [an orb of fire]
 74446 | Zot:5    | Gained mutation: You are very dopey. (Int -4) [an orb of fire]
 74580 | Zot:5    | Cast into level 5 of the Abyss (the power of Zot)
 74580 | Abyss:5  | Entered Level 5 of the Abyss
 74653 | Zot:5    | Escaped the Abyss
 74656 | Zot:5    | Killed an ancient lich
 74661 | Zot:5    | Killed an orb of fire
 74839 | Zot:5    | Noticed an ancient lich
 74846 | Zot:5    | Killed an ancient lich
 74991 | Zot:5    | Noticed an orb of fire
 74993 | Zot:5    | Gained mutation: You occasionally shout uncontrollably at your foes. [an orb of fire]
 74996 | Zot:5    | Killed an orb of fire
 75008 | Zot:5    | Noticed an orb of fire
 75009 | Zot:5    | Gained mutation: You are weak. (Str -2) [an orb of fire]
 75009 | Zot:5    | Gained mutation: Scrolls take you a little longer to read. [an orb of fire]
 75011 | Zot:5    | Gained mutation: You expend magic power (3 MP) to strengthen your wands. [an orb of fire]
 75012 | Zot:5    | Gained mutation: Armour fits poorly on your strangely shaped body. [an orb of fire]
 75016 | Zot:5    | Killed an orb of fire
 75070 | Zot:5    | Noticed an ancient lich
 75091 | Zot:5    | Killed an ancient lich
 75171 | Zot:5    | Lost mutation: Armour fits poorly on your strangely shaped body. [potion of mutation]
 75171 | Zot:5    | Lost mutation: Your body sometimes deteriorates upon taking damage. [potion of mutation]
 75171 | Zot:5    | Lost mutation: You are weak. (Str -2) [potion of mutation]
 75171 | Zot:5    | Lost mutation: You expend magic power (3 MP) to strengthen your wands. [potion of mutation]
 75171 | Zot:5    | Gained mutation: You are clumsy. (Dex -2) [potion of mutation]
 75171 | Zot:5    | Gained mutation: Your body sometimes deteriorates upon taking damage. [potion of mutation]
 75171 | Zot:5    | Gained mutation: Your movements are slightly less encumbered by armour. (ER -2) [potion of mutation]
 75172 | Zot:5    | Lost mutation: You occasionally shout uncontrollably at your foes. [potion of mutation]
 75172 | Zot:5    | Lost mutation: You are clumsy. (Dex -2) [potion of mutation]
 75172 | Zot:5    | Lost mutation: Your movements are slightly less encumbered by armour. (ER -2) [potion of mutation]
 75172 | Zot:5    | Lost mutation: Scrolls take you a little longer to read. [potion of mutation]
 75172 | Zot:5    | Gained mutation: You are somewhat resistant to further mutation. [potion of mutation]
 75173 | Zot:5    | Lost mutation: Your body sometimes deteriorates upon taking damage. [potion of mutation]
 75173 | Zot:5    | Lost mutation: You are frail. (-10% HP) [potion of mutation]
 75173 | Zot:5    | Lost mutation: You are very dopey. (Int -4) [potion of mutation]
 75173 | Zot:5    | Lost mutation: You are dopey. (Int -2) [potion of mutation]
 75190 | Zot:5    | Paralysed by the power of Zot for 4 turns
 75224 | Zot:5    | Demolished by an Orb Guardian

Skill      XL: |  1  2  3  4  5  6  7  8  9 10 11 12 13 14 15 16 17 18 19 20 21 22 23 24 25 26 27 |
---------------+----------------------------------------------------------------------------------+-----
Earth Magic    | 4 5 6 7 8 11 12 15 | 15.8
Conjurations   | 2 4 6 8 9 10 11 13 14 15 16 | 16.3
Spellcasting   | 4 6 8 10 11 12 14 16 18 20 21 22 23 24 25 26 27 | 27.0
Fighting       | 1 3 4 5 6 7 8 9 10 11 12 13 | 13.8
Dodging        | 3 5 7 8 9 10 12 15 16 17 18 19 20 21 | 21.5
Armour         | 1 3 4 5 6 7 8 9 10 11 12 13 | 13.8
Shields        | 1 3 4 5 6 7 9 10 11 12 13 | 13.8
Ice Magic      | 4 8 10 12 16 | 16.0
Air Magic      | 3 6 |  6.1
Translocations | 4 |  4.0
Necromancy     | 5 6 7 10 13 14 | 14.0
Fire Magic     | 6 |  6.6
Transmutations | 5 7 9 11 13 14 | 14.0
Summonings     | 3 8 |  8.0
Stealth        | |  2.4

Action                   |  1- 3 |  4- 6 |  7- 9 | 10-12 | 13-15 | 16-18 | 19-21 | 22-24 | 25-27 || total
-------------------------+-------+-------+-------+-------+-------+-------+-------+-------+-------++-------
Melee: Short sword       |    29 |       |       |       |       |       |       |       |       ||    29
       Dagger            |    21 |    27 |     5 |       |       |       |    12 |     1 |    11 ||    77
       Staff             |       |       |       |    13 |     3 |       |       |     1 |       ||    17
 Cast: Sandblast         |    36 |    74 |    49 |   183 |   261 |    27 |     3 |    65 |     9 ||   707
       Stone Arrow       |       |    12 |   102 |   199 |   284 |       |       |       |       ||   597
       Petrify           |       |       |    11 |    16 |    25 |    25 |     1 |     3 |       ||    81
       Lee's Rapid Decon |       |       |     3 |    26 |    90 |   188 |   150 |   182 |    63 ||   702
       Conjure Flame     |       |       |       |    12 |     4 |       |     2 |       |     2 ||    20
       Mephitic Cloud    |       |       |       |     3 |     1 |       |       |       |       ||     4
       Passwall          |       |       |       |     2 |       |       |       |     1 |       ||     3
       Bolt of Cold      |       |       |       |       |    18 |    17 |     2 |     8 |       ||    45
       Borgnjor's Vile C |       |       |       |       |    81 |    56 |   100 |   177 |    87 ||   501
       Airstrike         |       |       |       |       |     8 |       |       |       |       ||     8
       Ignite Poison     |       |       |       |       |    26 |    19 |    11 |       |     1 ||    57
       Olgreb's Toxic Ra |       |       |       |       |    13 |     8 |     5 |       |     2 ||    28
       Iron Shot         |       |       |       |       |    57 |   280 |   232 |   382 |   342 ||  1293
       Blink             |       |       |       |       |     1 |     2 |     5 |     2 |    10 ||    20
       Regeneration      |       |       |       |       |       |     6 |    12 |     8 |     7 ||    33
       Orb of Destructio |       |       |       |       |       |     1 |       |    73 |       ||    74
       Irradiate         |       |       |       |       |       |       |     6 |     2 |       ||     8
       Lehudib's Crystal |       |       |       |       |       |       |    16 |    23 |       ||    39
       Necromutation     |       |       |       |       |       |       |       |     3 |     3 ||     6
       Ignition          |       |       |       |       |       |       |       |     1 |       ||     1
       Glaciate          |       |       |       |       |       |       |       |       |    23 ||    23
       Summon Lightning  |       |       |       |       |       |       |       |       |     5 ||     5
Evoke: Wand              |       |       |       |     3 |    13 |     4 |       |       |       ||    20
       Lightning rod     |       |       |       |       |       |       |     1 |       |       ||     1
       Phial of floods   |       |       |       |       |       |       |       |       |     1 ||     1
       Sack of spiders   |       |       |       |       |       |       |       |       |     1 ||     1
  Use: Scroll            |       |     1 |     7 |    10 |    15 |    28 |    13 |    17 |    22 ||   113
       Potion            |       |       |       |     1 |     1 |     6 |    11 |     3 |    18 ||    40
 Stab: Sleeping          |     4 |     2 |       |       |       |       |       |       |       ||     6
  Eat: Chunk             |     2 |     6 |    11 |     9 |     7 |       |       |       |       ||    35
       Ration            |       |     1 |     1 |     4 |    11 |    12 |     7 |    13 |    10 ||    59
Armor: Robe              |    10 |     7 |     4 |    12 |    27 |     9 |    10 |    27 |    31 ||   137
       Troll leather arm |       |       |       |    13 |       |       |       |       |       ||    13
Dodge: Dodged            |    54 |    49 |    19 |    59 |   152 |    80 |   100 |   201 |   203 ||   917
Block: Buckler           |       |       |     4 |    20 |    34 |       |       |    22 |    30 ||   110
       Shield            |       |       |       |       |    67 |    52 |    61 |   103 |       ||   283
